 Dungeon Crawl Stone Soup version 0.23-a0-710-gaad00d04af (webtiles) character file.

797 MirrMurr the Covert (level 7, -1/32 HPs)
             Began as a Spriggan Enchanter on Jan 15, 2019.
             Was a Follower of Dithmenos.
             Killed from afar by an orc wizard (9 damage)
             ... with a magic dart
             ... on level 4 of the Dungeon.
             The game lasted 00:10:32 (4325 turns).

MirrMurr the Covert (Spriggan Enchanter)            Turns: 4325, Time: 00:10:33

Health: -1/32      AC:  6    Str:  4    XL:     7   Next: 58%
Magic:  7/14       EV: 24    Int: 19    God:    Dithmenos [*.....]
Gold:   82         SH:  0    Dex: 21    Spells: 5/14 levels left

rFire    . . .     SeeInvis +   a - +2 dagger (venom)
rCold    . . .     Gourm    .   (shield restricted)
rNeg     . . .     Faith    .   b - +0 robe
rPois    .         Spirit   .   (helmet restricted)
rElec    .         Reflect  .   g - +0 cloak
rCorr    +         Harm     .   (gloves unavailable)
MR       +....                  (boots unavailable)
Stlth    ++++++....             (no amulet)
HPRegen  0.10/turn              f - +3 ring of protection
MPRegen  0.14/turn              u - ring of resist corrosion

@: agile, slowed, wreathed by umbra, quick
A: very small, unfitting armour, see invisible, herbivore, speed 3, slow
metabolism 2
a: Renounce Religion


You were on level 4 of the Dungeon.
You worshipped Dithmenos.
Dithmenos was aware of your devotion.
You were not hungry.

You visited 1 branch of the dungeon, and saw 4 of its levels.

You collected 82 gold pieces.

Inventory:

Hand Weapons
 a - a +2 dagger of venom (weapon)
 i - a +5 dagger
 q - a +0 blowgun
Missiles
 d - 84 stones
 h - 5 tomahawks (quivered)
 o - 29 sling bullets
 v - 13 poisoned needles
Armour
 b - a +0 robe (worn)
 g - a +0 cloak (worn)
Jewellery
 f - a +3 ring of protection (left hand)
 u - a ring of resist corrosion (right hand)
Scrolls
 j - 2 scrolls of teleportation
 r - a scroll of remove curse
Potions
 e - a potion of might {unknown}
 k - a potion of mutation {unknown}
 l - a potion of degeneration {unknown}
 m - 2 potions of cancellation {unknown}
 n - 2 potions of agility
 t - a potion of flight {unknown}
Comestibles
 c - 5 rations


   Skills:
 - Level 5.4 Short Blades
 - Level 3.0 Dodging
 - Level 9.0 Stealth
 - Level 4.0 Spellcasting
 * Level 6.0 Hexes


You had 5 spell levels left.
You knew the following spells:

 Your Spells              Type           Power        Failure   Level  Hunger
a - Ensorcelled Hibernat  Hex/Ice        ###...       6%          2    ##.....
b - Confuse               Hex            ####....     3%          3    ###....
c - Tukima's Dance        Hex            ####....     3%          3    ###....
C - Corona                Hex            ####...      1%          1    None

Your spell library contained the following spells:

 Spells                   Type           Power        Failure   Level  Hunger
 Dazzling Spray           Conj/Hex       ###...       12%         3    ###....


Dungeon Overview and Level Annotations

Branches:
Dungeon (4/15)
 Temple: D:4-7

Altars:
Dithmenos
Fedhas
Hepliaklqana
Vehumet


Innate Abilities, Weirdness & Mutations

You are very small and have problems with some larger weapons.
You are too small for most types of armour.
You have supernaturally acute eyesight. (SInv)
You are a herbivore.
You cover ground extremely quickly.
You need to consume almost no food.


Message History

You hit the orc wizard but do no damage.
The orc wizard is poisoned.
The orc wizard hits you but does no damage.
The orc wizard casts a spell at you. The magic dart hits you!
* * * LOW HITPOINT WARNING * * *
You closely miss the orc wizard.
The orc wizard is lightly wounded.
The orc wizard completely misses you.
You barely miss the orc wizard.
The orc wizard is lightly wounded.
The orc wizard misses you. The orc wizard casts a spell at you.
The magic dart hits you!
* * * LOW HITPOINT WARNING * * *
You barely miss the orc wizard.
The orc wizard is lightly wounded.
The orc wizard gestures at you while chanting.
The magic dart hits you!
You die...

. ###)#.#.####(## #)#.#.#
#.# #[#.#.# #.# #.#.#o#
#o# #.#.#.####.# #
#o#.#...)..# #
#o#.######### #
#o#......<..# #
#@#######.### # #)# #.# #
#.# #.# # #.# #.#
################.# #.#
o..........).รท...# #.#
.#######################.#
.#.#.....................#
...#.#####################


You could see an orc wizard and 2 orcs.

Vanquished Creatures
  Grinder (D:3)
  Sigmund (D:2)
  An ogre (D:4)
  2 jellies (D:3)
  2 orc wizards
  An orc priest (D:4)
  A worker ant (D:4)
  4 gnolls (D:3)
  2 adders
  8 oozes
  A worm (D:2)
  3 dart slugs
  A leopard gecko (D:1)
  11 orcs
  4 bats
  6 goblins
  A quokka (D:4)
  A frilled lizard (D:1)
  12 kobolds
  3 rats
66 creatures vanquished.

Vanquished Creatures (others)
  An orc wizard (D:4)
  A worker ant (D:4)
  An orc (D:4)
  A fungus (D:3)
  8 toadstools (D:3)
12 creatures vanquished.

Grand Total: 78 creatures vanquished

Notes
Turn   | Place    | Note
-------+----------+-------------------------------------------
     0 | D:1      | MirrMurr the Spriggan Enchanter began the quest for the
                  | Orb.
     0 | D:1      | Reached XP level 1. HP: 9/9 MP: 5/5
    50 | D:1      | Reached skill level 5 in Stealth
    50 | D:1      | Reached XP level 2. HP: 13/13 MP: 6/6
    54 | D:1      | Learned a level 2 spell: Ensorcelled Hibernation
   499 | D:1      | Reached XP level 3. HP: 16/16 MP: 5/8
   504 | D:1      | Learned a level 3 spell: Confuse
  1184 | D:2      | Found a blossoming altar of Fedhas.
  1232 | D:2      | Noticed Sigmund
  1239 | D:2      | Killed Sigmund
  1239 | D:2      | Reached skill level 7 in Stealth
  1239 | D:2      | Reached XP level 4. HP: 21/21 MP: 9/9
  1239 | D:2      | Reached XP level 5. HP: 24/24 MP: 10/10
  1244 | D:2      | Learned a level 3 spell: Tukima's Dance
  1750 | D:3      | Found a shadowy altar of Dithmenos.
  1758 | D:3      | Became a worshipper of Dithmenos the Shadowed
  1828 | D:3      | Found a hazy altar of Hepliaklqana.
  2347 | D:3      | Found a radiant altar of Vehumet.
  2418 | D:3      | Noticed Grinder
  2728 | D:3      | Killed Grinder
  2728 | D:3      | Reached skill level 5 in Short Blades
  2728 | D:3      | Reached skill level 9 in Stealth
  2728 | D:3      | Reached XP level 6. HP: 17/28 MP: 2/11
  3179 | D:3      | Reached XP level 7. HP: 30/32 MP: 12/12
  3294 | D:3      | Reached * piety under Dithmenos
  3948 | D:4      | Reached skill level 5 in Hexes
  4325 | D:4      | Killed from afar by an orc wizard

Vault maps used:
D:1:      erik_arrival_gehennom, minmay_cupped
D:2:      nicolae_overflow_crystal_walls, chequers_serial_rivers_small_3,
          uniq_sigmund
D:3:      cheibrodos_fertilizer, lemuel_doored_altar, fiery_altar_vehumet,
          nicolae_dithmenos_shadow_blocks, chequers_serial_rivers_small_b,
          uniq_grinder
D:4:      lemuel_temple_firewalk_a, first_ration, glass_columns_b, uniq_natasha

Skill      XL: |  1  2  3  4  5  6  7 |
---------------+----------------------+-----
Stealth        | 5 7 9 |  9.0
Short Blades   | 2 4 5 |  5.4
Hexes          | 4 6 |  6.0
Spellcasting   | 3 4 |  4.0
Dodging        | |  3.0

Action                   |  1- 3 |  4- 6 |  7- 9 || total
-------------------------+-------+-------+-------++-------
Melee: Dagger            |    56 |    78 |    95 ||   229
Throw: Tomahawk          |       |       |     1 ||     1
 Cast: Ensorcelled Hiber |     3 |     8 |     6 ||    17
       Confuse           |       |     8 |     6 ||    14
       Tukima's Dance    |       |       |     3 ||     3
  Use: Scroll            |     4 |     1 |     4 ||     9
       Potion            |       |       |     3 ||     3
 Stab: Sleeping          |    13 |     5 |     7 ||    25
       Confused          |       |     2 |     1 ||     3
  Eat: Ration            |       |     1 |     1 ||     2
Armor: Robe              |     2 |     8 |    11 ||    21
Dodge: Dodged            |    24 |    53 |    63 ||   140

Table legend:
 A = Non-vault XP
 B = Vault XP
 C = Vault XP percentage of total XP
 D = Non-vault monster count
 E = Vault monster count
 F = Vault count percentage of total count
                 A         B        C        D         E       F
            +---------+---------+-------+---------+---------+-------
      Total |     463 |     676 |  59.4 |      42 |      25 |  37.3
            +---------+---------+-------+---------+---------+-------
        D:1 |      19 |      22 |  53.7 |      10 |       7 |  41.2
        D:2 |      30 |     227 |  88.3 |       9 |       1 |  10.0
        D:3 |     113 |     427 |  79.1 |      10 |      17 |  63.0
        D:4 |     301 |       0 |   0.0 |      13 |       0 |   0.0
            +---------+---------+-------+---------+---------+-------
